 Dungeon Crawl Stone Soup version 0.28.0-43-g3370ac3207 (webtiles) character file.

Game seed: 11932559551674033629

2 jimonade the Caller (level 1, 0/14 HPs)
             Began as a Draconian Summoner on Mar 12, 2022.
             Slain by a giant cockroach (1 damage)
             ... on level 1 of the Dungeon.
             The game lasted 00:00:55 (35 turns).

jimonade the Caller (Draconian Summoner)              Turns: 35, Time: 00:00:56

Health: 0/14       AC:  4    Str: 10    XL:     1   Next: 25%
Magic:  2/3        EV: 12    Int: 15    God:
Gold:   0          SH:  0    Dex: 11    Spells: 3/4 levels left

rFire   . . .      SeeInvis .   (no weapon)
rCold   . . .      Faith    .   (no shield)
rNeg    . . .      Spirit   .   (armour unavailable)
rPois   .          Reflect  .   (helmet restricted)
rElec   .          Harm     .   (no cloak)
rCorr   .          Rampage  .   (no gloves)
Will    .....                   (no boots)
Stlth   ++........              (no amulet)
HPRegen 0.04/turn               (no ring)
MPRegen 0.08/turn               (no ring)

@: no status effects
A: AC +4, unfitting armour, cold-blooded
a: no special abilities


You were on level 1 of the Dungeon.
You visited 1 branch of the dungeon, and saw 1 of its levels.

You aren't carrying anything.


   Skills:
 * Level 1.7 Dodging
 - Level 1.7 Stealth
 * Level 2.0 Spellcasting
 * Level 4.0 Summonings


You had 3 spell levels left.
You knew the following spells:

 Your Spells              Type           Power      Damage    Failure   Level
a - Summon Small Mammal   Summ           52%        N/A       4%          1

Your spell library contained the following spells:

 Spells                   Type           Power      Damage    Failure   Level
 Call Imp                 Summ           13%        N/A       6%          2
 Call Canine Familiar     Summ           13%        N/A       12%         3
 Summon Guardian Golem    Hex/Summ       7%         N/A       28%         3
 Summon Lightning Spire   Summ/Air       7%         N/A       67%         4


Dungeon Overview and Level Annotations

Branches:
Dungeon (1/15)

Altars:


Innate Abilities, Weirdness & Mutations

Your plain brown scales are hard. (AC +4)
You cannot fit into any form of body armour.
You are cold-blooded and may be slowed by cold attacks.


Message History

You closely miss the hobgoblin.
The hobgoblin is almost dead.
The bat hits you. The bat hits your rat. The hobgoblin hits you.
* * * LOW HITPOINT WARNING * * *
Your rat bites the bat.
You hit the bat.
The bat is heavily wounded.
The bat hits you but does no damage. The bat completely misses you.
The bat barely misses your rat.
The hobgoblin hits you but does no damage.
Your rat bites the bat.
The bat dies!
You closely miss the hobgoblin.
The hobgoblin is almost dead.
The hobgoblin misses you.
You hit the hobgoblin but do no damage.
The hobgoblin is almost dead.
The hobgoblin completely misses you.
Your rat misses the hobgoblin.
Found 7 gold pieces.
The hobgoblin closely misses you.
Your rat barely misses the hobgoblin.
The giant cockroach bites you.
* * * LOW HITPOINT WARNING * * *
Things that are here:
a bat corpse; a rat corpse You hit the hobgoblin but do no damage.
The hobgoblin is almost dead.
The giant cockroach bites you but does no damage.
The hobgoblin closely misses you.
Your rat barely misses the hobgoblin.
You hit the hobgoblin but do no damage.
The hobgoblin is almost dead.
The giant cockroach closely misses you. The hobgoblin completely misses you.
Your rat misses the hobgoblin.
Your rat disappears in a puff of smoke!
The giant cockroach bites you but does no damage.
The giant cockroach bites you but does no damage.
You are too injured to fight recklessly!
Casting: Summon Small Mammal (safe; 4% risk of failure)
Confirm with . or Enter, or press ? or * to list all spells.
The giant cockroach closely misses you. The giant cockroach bites you.
You die...

... .... # ###.# ....
#. ...##..... #..
#...#.....
#..#########.........
...#.#.#.#..........
..#.#.#.#.†.......
#.#B#.#..........
#@#.#.#.........
#.#r#.#..###.....
#.#r#.#.#.# .....
##.#.#.#..# ###.
#.#!#.#+#.. ######
.### .


You could see a giant cockroach and a friendly quokka (summoned).

Vanquished Creatures (collateral kills)
  A bat (D:1)
  A rat (D:1)
2 creatures vanquished.

Notes
Turn   | Place    | Note
-------+----------+-------------------------------------------
     0 | D:1      | jimonade the Draconian Summoner began the quest for the
                  | Orb.
     0 | D:1      | Reached XP level 1. HP: 14/14 MP: 3/3
    35 | D:1      | Slain by a giant cockroach

Illustrated notes

Levels and vault maps discovered:
D:1:      lightli_arrival_chessboard, layout_basic,
          nicolae_ecumenical_snake_handling, serial_rivers,
          chequers_serial_rivers_micro_b, chequers_serial_rivers_large_a,
          chequers_serial_rivers_micro_c, chequers_serial_rivers_micro_e,
          hangedman_decor_points

Action                   || total
-------------------------++-------
Melee: Unarmed           ||    16
       Tailslap          ||     1
 Cast: Summon Small Mamm ||     3
Armor: Skin              ||    12
Dodge: Dodged            ||    22
